 Dungeon Crawl Stone Soup version 0.29-a0-284-gf9362112df (webtiles) character file.

Game seed: 3177950664638420416

63 siradein the Purveyor of Pain (level 3, -2/32 HPs)
             Began as a Troll Necromancer on Mar 22, 2022.
             Was an Initiate of Kikubaaqudgha.
             Killed from afar by Ijyb (4 damage)
             ... with a puff of flame
             ... on level 3 of the Dungeon.
             The game lasted 00:06:30 (1841 turns).

siradein the Purveyor of Pain (Troll Necromancer)   Turns: 1841, Time: 00:06:30

Health: -2/32      AC:  7    Str: 16    XL:     3   Next: 89%
Magic:  4/4        EV: 10    Int: 13    God:    Kikubaaqudgha [......]
Gold:   52         SH:  0    Dex: 10    Spells: 4/5 levels left

rFire   . . .      SeeInvis .     - Unarmed
rCold   . . .      Faith    .   (no shield)
rNeg    . . .      Spirit   .   a - +0 robe
rPois   .          Reflect  .   (helmet restricted)
rElec   .          Harm     .   f - +2 cloak
rCorr   .          Rampage  .   (gloves unavailable)
Will    .....                   (boots unavailable)
Stlth   +.........              (no amulet)
HPRegen 0.90/turn               (no ring)
MPRegen 0.09/turn               (no ring)

@: no status effects
A: large, unfitting armour, claws 3, regeneration 1, shaggy fur 1, tough skin 1
a: Renounce Religion


You were on level 3 of the Dungeon.
You worshipped Kikubaaqudgha.
Kikubaaqudgha was noncommittal.
You visited 1 branch of the dungeon, and saw 3 of its levels.

You collected 52 gold pieces.

Inventory:

Armour
 a - a +0 robe (worn)
 f - a +2 cloak (worn)
Scrolls
 c - 2 scrolls of teleportation
 d - a scroll of fog {unknown}
 g - a scroll of silence {unknown}
 h - a scroll of vulnerability {unknown}
 i - a scroll of noise {unknown}
 k - a scroll of blinking {unknown}
Potions
 b - a potion of magic
 e - 2 potions of flight {unknown}
 j - a potion of lignification {unknown}


   Skills:
 + Level 0.9 Fighting
 + Level 2.0 Dodging
 - Level 1.0 Stealth
 + Level 1.0 Unarmed Combat
 + Level 1.5 Spellcasting
 * Level 3.8 Necromancy


You had 4 spell levels left.
You knew the following spells:

 Your Spells              Type           Power      Damage    Failure   Level
a - Pain                  Necr           40%        1d6       5%          1

Your spell library contained the following spells:

 Spells                   Type           Power      Damage    Failure   Level
 Animate Skeleton         Necr           20%        N/A       5%          1
 Vampiric Draining        Necr           10%        2d6       17%         3
 Animate Dead             Necr           5%         N/A       50%         4
 Agony                    Necr           10%        N/A       83%         5


Dungeon Overview and Level Annotations

Branches:
Dungeon (3/15)

Altars:
Kikubaaqudgha

Annotations:
D:2 1 runed translucent door, Crazy Yiuf
D:3 Ijyb


Innate Abilities, Weirdness & Mutations

You are too large for most types of armour.
You have claws for hands.
Your natural rate of healing is unusually fast.
You are covered in fur. (AC +1)
You have tough skin. (AC +1)


Message History

You barely miss Ijyb.
Ijyb is moderately wounded.
Ijyb hits you with a +0 club.
You closely miss Ijyb.
Ijyb is moderately wounded.
Ijyb barely misses you.
You closely miss Ijyb.
Ijyb is moderately wounded.
Ijyb hits you but does no damage.
You barely miss Ijyb. You claw Ijyb, but do no damage.
Ijyb is moderately wounded.
Ijyb zaps a wand.
The puff of flame hits you!
* * * LOW HITPOINT WARNING * * *
You scratch Ijyb but do no damage.
Ijyb is moderately wounded.
Ijyb zaps a wand.
The puff of flame hits you.
* * * LOW HITPOINT WARNING * * *
You scratch Ijyb.
Ijyb is heavily wounded.
Ijyb screams, "Me stronger than you!" Ijyb closely misses you.
You scratch Ijyb.
Ijyb is heavily wounded.
Ijyb barely misses you.
You scratch Ijyb but do no damage.
Ijyb is heavily wounded.
Ijyb hits you with a +0 club.
* * * LOW HITPOINT WARNING * * *
You scratch Ijyb but do no damage.
Ijyb is heavily wounded.
Ijyb barely misses you.
You claw Ijyb!
Ijyb is almost dead.
Ijyb zaps a wand.
The puff of flame hits you!
* * * LOW HITPOINT WARNING * * *
You closely miss Ijyb.
Ijyb is almost dead.
Ijyb zaps a wand.
The puff of flame hits you.
You die...
Kikubaaqudgha rasps: "You have failed me!
Welcome... death!"

#.# ## #.# ... #.### #.# ##.##
#.... #.# #...# ##### . #.# #...#
##. .. #.### #...### ##.. ...
#.#.## ##.##.## ##...
....###....########.#....####....
....'.........og@..###......+....
....###....######.## ##..####....
... #.#.## ##.###..## ##... ..
#.### ##.#.### ##.. . #.# ##.##
##. #<# #.# ## #.# ###.## # #.#
#....# # #.. #.#..# ### ##


You could see Ijyb and an orc.

Vanquished Creatures
  A worm (D:3)
  2 dart slugs
  3 orcs
  2 bats (D:1)
  5 endoplasms
  A giant cockroach (D:3)
  4 goblins
  5 hobgoblins
  9 jackals
  A quokka (D:2)
  2 frilled lizards (D:2)
  6 kobolds
  6 rats
47 creatures vanquished.

Vanquished Creatures (others)
  10 plants (D:1)
10 creatures vanquished.

Grand Total: 57 creatures vanquished

Notes
Turn   | Place    | Note
-------+----------+-------------------------------------------
     0 | D:1      | siradein the Troll Necromancer began the quest for the Orb.
     0 | D:1      | Reached XP level 1. HP: 16/16 MP: 1/1
    65 | D:1      | Found a faded altar of an unknown god.
    68 | D:1      | Reached XP level 2. HP: 24/24 MP: 3/3
   923 | D:2      | Found an ancient bone altar of Kikubaaqudgha.
   937 | D:2      | Reached XP level 3. HP: 25/32 MP: 4/4
   940 | D:2      | Became a worshipper of Kikubaaqudgha
  1555 | D:2      | Found a runed translucent door.
  1556 | D:2      | Noticed Crazy Yiuf
  1701 | D:3      | Reached skill level 1 in Unarmed Combat
  1792 | D:3      | Noticed Ijyb
  1840 | D:3      | HP: 1/32 [Ijyb/puff of flame (9)]
  1841 | D:3      | Killed from afar by Ijyb

Illustrated notes

Levels and vault maps discovered:
D:1:      mushboom_english_gardens, layout_loops_ring,
          dilly_ecumenical_altar_fadedgnrine
D:2:      layout_basic, basic_altar, uniq_crazy_yiuf_cottage
D:3:      layout_loops_corners, general_overflow_altar, serial_shops,
          nicolae_square_shop, feat_on_display, uniq_ijyb

Skill      XL: |  1  2  3 |
---------------+----------+-----
Dodging        | 2 |  2.0
Unarmed Combat | 1 |  1.0
Fighting       | |  0.9
Stealth        | |  1.0
Spellcasting   | |  1.5
Necromancy     | |  3.8

Action                   || total
-------------------------++-------
Melee: Unarmed           ||   164
       Punch             ||     3
  Use: Scroll            ||     1
 Stab: Sleeping          ||     2
Armor: Robe              ||    54
Dodge: Dodged            ||    64

Table legend: (Time is in decaauts)
 A = Elapsed time spent in this place.
 B = Non-inter-level travel time spent in this place.
 C = Inter-level travel time spent in this place.
 D = Time resting spent in this place.
 E = Time spent auto-exploring this place.
 F = Levels seen in this place.
 G = Mean time per level.
                   A        B        C        D        E       F      G
               +--------+--------+--------+--------+--------+-----+--------+
         Total |   1838 |   1759 |     79 |      0 |   1416 |   3 |  612.7 |
       Dungeon |   1838 |   1759 |     79 |      0 |   1416 |   3 |  612.7 |
               +--------+--------+--------+--------+--------+-----+--------+

Top non-repeatable levels by time:
     D:2: 924 daAuts
     D:1: 706 daAuts
     D:3: 206 daAuts
